 Dungeon Crawl Stone Soup version 0.30.0-5-g1a98f26d00 (webtiles) character file.

Game seed: 12779128924516698948

74 Jarnaxa the Shooter (level 4, 0/37 HPs)
             Began as a Minotaur Hunter on May 11, 2023.
             Succumbed to Robin's poison
             ... on level 3 of the Dungeon.
             The game lasted 00:04:17 (1685 turns).

Jarnaxa the Shooter (Minotaur Hunter)               Turns: 1685, Time: 00:04:18

Health: 0/37       AC:  8    Str: 16    XL:     4   Next: 9%
Magic:  3/3        EV: 12    Int:  6    God:
Gold:   69         SH:  0    Dex: 15    Spells: 3/3 levels left

rFire   . . .        n - +0 short sword
rCold   . . .        (no shield)
rNeg    . . .        c - +1 leather armour
rPois   .            (helmet restricted)
rElec   .            (no cloak)
rCorr   .            (no gloves)
SInv    +            (no boots)
Will    .....        (no amulet)
Stlth   ++           j - ring of see invisible
HPRegen 0.26/turn    m - +4 ring of protection
MPRegen 0.08/turn

%: no passive effects
@: lethally poisoned (0 -> -26)
A: horns 2, retaliatory headbutt
a: no special abilities


You were on level 3 of the Dungeon.
You visited 1 branch of the dungeon, and saw 3 of its levels.

You collected 69 gold pieces.

Inventory:

Hand Weapons
 a - a +0 shortbow
 n - a +0 short sword (weapon)
Armour
 c - a +1 leather armour (worn)
Jewellery
 j - a ring of see invisible (left hand)
 m - a +4 ring of protection (right hand)
Scrolls
 b - a scroll of immolation
 e - a scroll of poison
 f - a scroll of teleportation
 k - a scroll of fear
 l - a scroll of fog
 p - a scroll of noise
Potions
 g - a potion of mutation
 h - 2 potions of flight


   Skills:
 + Level 2.7 Fighting
 + Level 5.8 Ranged Weapons
 + Level 0.8 Armour
 + Level 2.2 Dodging
 + Level 1.4 Stealth


You had 3 spell levels left.
You didn't know any spells.
Your spell library was empty.

Dungeon Overview and Level Annotations

Branches:
Dungeon (3/15)

Altars:

Shops:
D:1 (   D:2 =


Innate Abilities, Weirdness & Mutations

You have a pair of horns on your head.
You reflexively headbutt those who attack you in melee.


Message History

You are poisoned.
You hit Robin. Your headbutt misses Robin.
Robin is moderately wounded.
You feel sick. The goblin barely misses you. You furiously retaliate!
You headbutt the goblin.
You kill the goblin!
The goblin hits you but does no damage.
You hit Robin but do no damage.
Robin is moderately wounded.
You feel sick.
The goblin no longer looks unusually strong.
Robin hits you with a +0 spear of venom.
You are more poisoned.
The goblin hits you but does no damage.
You are more poisoned.
You barely miss Robin.
Robin is moderately wounded.
You feel very sick.
Robin roars a battlecry!
The goblins go into a battle-frenzy!
The goblin hits you but does no damage.
You are lethally poisoned!
You barely miss Robin. You headbutt Robin.
Robin is heavily wounded.
You feel very sick.
The goblin no longer looks unusually strong.
Robin throws the goblin at you!
The goblin hits you with a +0 dagger of venom.
* * * LOW HITPOINT WARNING * * *
The goblin barely misses you. You furiously retaliate!
You headbutt the goblin. You hit Robin but do no damage.
Robin is heavily wounded.
* * * LOW HITPOINT WARNING * * *
You feel very sick. Robin hits you but does no damage.
You are more poisoned.
The goblin completely misses you. The goblin misses you.
You hit Robin. You headbutt Robin.
You kill Robin!
You die...

... ... ..# #.# #
#.# #.#.#
####.#.#.####
.......)g@g#
###..##.##)g.....
#.#..<.# Sg#...#
#..#### .).....
## ..... .
....... ..#...#
.......


You could see a hobgoblin (strong), 3 goblins and a ball python.

Vanquished Creatures
  Robin (D:3)
  3 adders (D:2)
  2 worms (D:2)
  5 ball pythons
  2 endoplasms
  A giant cockroach (D:1)
  6 goblins
  5 hobgoblins
  4 jackals (D:2)
  3 quokkas
  2 bats
  2 frilled lizards (D:1)
  A kobold (D:2)
  3 rats
40 creatures vanquished.

Notes
Turn   | Place    | Note
-------+----------+-------------------------------------------
     0 | D:1      | Jarnaxa the Minotaur Hunter began the quest for the Orb.
     0 | D:1      | Reached XP level 1. HP: 18/18 MP: 0/0
   269 | D:1      | Reached XP level 2. HP: 25/25 MP: 1/1
   357 | D:1      | Reached skill level 5 in Ranged Weapons
   425 | D:1      | Found Cudufeut's Weapon Emporium.
  1029 | D:2      | Reached skill level 1 in Stealth
  1034 | D:2      | Reached XP level 3. HP: 29/30 MP: 2/2
  1049 | D:2      | Found His Daeh's Jewellery Shoppe.
  1096 | D:2      | Found a faded altar of an unknown god.
  1661 | D:3      | Noticed Robin
  1666 | D:3      | Reached XP level 4. HP: 37/37 MP: 3/3
  1685 | D:3      | Killed Robin
  1685 | D:3      | Succumbed to Robin's poison

Illustrated notes

Levels and vault maps discovered:
D:1:      scummos_arrival_star, layout_basic, serial_forest,
          infiniplex_forest_end_3, infiniplex_forest_clump_tiny,
          infiniplex_forest_clump_small, infiniplex_forest_lined_room_2,
          infiniplex_forest_straight_4, infiniplex_forest_lined_room_,
          infiniplex_forest_end_2, serial_shops, shop
D:2:      layout_rooms, ebering_ecumenical_altar_petrified, serial_corexii_hall,
          chequers_hall_statues_wall_a, corexii_hall_statues_x, serial_shops,
          shop, kennysheep_generic_room_14
D:3:      layout_loops_cross, zin_treasury, nicolae_kikubaaqudgha_miasma_corner,
          serial_shops, nicolae_shop_hallway_plus, uniq_robin, uniq_grinder

Skill      XL: |  1  2 |
---------------+-------+-----
Ranged Weapons | 5 |  5.8
Stealth        | 1 |  1.4
Fighting       | |  2.7
Armour         | |  0.8
Dodging        | |  2.2

Action                     |  1- 3 |  4- 6 || total
---------------------------+-------+-------++-------
  Melee: Short sword       |    26 |    17 ||    43
         Headbutt          |     5 |     4 ||     9
   Fire: Shortbow          |    72 |       ||    72
    Use: Scroll            |    12 |       ||    12
         Potion            |       |     1 ||     1
 Armour: Leather armour    |    18 |    12 ||    30
  Dodge: Dodged            |    34 |    14 ||    48
